 Dungeon Crawl Stone Soup version 0.27-a0-824-gca8104f8d5 (webtiles) character file.

Game seed: 8060140619551479471

81 Harga the Skirmisher (level 4, -2/39 HPs)
             Began as a Palentonga Fighter on Mar 30, 2021.
             Slain by an orc
             ... wielding a +0 war axe
              (3 damage)
             ... on level 3 of the Dungeon.
             The game lasted 00:07:42 (2357 turns).

Harga the Skirmisher (Palentonga Fighter)           Turns: 2357, Time: 00:07:42

Health: -2/39      AC:  6    Str: 20    XL:     4   Next: 20%
Magic:  4/4        EV:  5    Int:  9    God:
Gold:   92         SH:  9    Dex:  9    Spells: 3/3 levels left

rFire    . . .     SeeInvis +   a - +0 flail
rCold    . . .     Faith    .   c - +0 kite shield
rNeg     . . .     Spirit   .   b - +0 scale mail
rPois    .         Reflect  .   (no helmet)
rElec    .         Harm     .   (no cloak)
rCorr    .         Rampage  .   (no gloves)
Will     .....                  (no barding)
Stlth    ..........             (no amulet)
HPRegen  0.13/turn              i - ring of wizardry
MPRegen  0.09/turn              (no ring)

@: no status effects
A: large, rugged brown scales 3, see invisible, deformed body, roll 1, armoured
tail
a: Rolling Charge


You were on level 3 of the Dungeon.
You visited 1 branch of the dungeon, and saw 3 of its levels.

You collected 92 gold pieces.

Inventory:

Hand Weapons
 a - a +0 flail (weapon)
Armour
 b - a +0 scale mail (worn)
 c - a +0 kite shield (worn)
Jewellery
 i - a ring of wizardry (left hand)
 j - a +4 ring of protection
Wands
 k - a wand of iceblast (7)
Scrolls
 f - a scroll of brand weapon {unknown}
 g - a scroll of silence {unknown}
 h - a scroll of identify {unknown}
 l - a scroll of fog {unknown}
 m - a scroll of blinking {unknown}
Potions
 d - a potion of might
 e - a potion of magic {unknown}


   Skills:
 + Level 3.6 Fighting
 + Level 2.8 Maces & Flails
 + Level 2.9 Armour
 + Level 2.9 Shields


You had 3 spell levels left.
You didn't know any spells.
Your spell library contained the following spells:

 Spells                   Type           Power      Damage    Failure   Level
 Confusing Touch          Hex            0%         N/A       99%         3
 Gell's Gravitas          Tloc           0%         N/A       99%         3
 Petrify                  Tmut/Erth      0%         N/A       100%        4
 Metabolic Englaciation   Hex/Ice        0%         N/A       100%        5
 Yara's Violent Unravell  Hex/Tmut       0%         3d3       100%        5


Dungeon Overview and Level Annotations

Branches:
Dungeon (3/15)

Altars:
Sif Muna


Innate Abilities, Weirdness & Mutations

You are completely covered in rugged brown scales. (AC +3, +7% HP)
You have supernaturally acute eyesight. (SInv)
Armour fits poorly on your strangely shaped body.
You can roll at nearby foes to attack.
You have a long armoured tail.


Message History

You hit the worm.
The worm is moderately wounded.
The orc barely misses you. The worm bites you.
You barely miss the worm.
The worm is moderately wounded.
You block the orc's attack. x2
You hit the worm.
The worm is heavily wounded.
The orc hits you but does no damage. The worm barely misses you.
You barely miss the worm.
The worm is heavily wounded.
The orc hits you with a +0 flail. The worm bites you.
The orc hits you with a +0 flail.
* * * LOW HITPOINT WARNING * * *
You hit the worm.
The worm is severely wounded.
The orc hits you but does no damage. The worm bites you.
* * * LOW HITPOINT WARNING * * *
You completely miss the worm.
The worm is heavily wounded.
You block the orc's attack. The worm bites you but does no damage.
The orc barely misses you.
You hit the worm but do no damage.
You tail-slap the worm, but do no damage.
The worm is heavily wounded.
You block the orc's attack. The worm bites you but does no damage.
Your shield prevents you from hitting the worm.
You tail-slap the worm, but do no damage.
The worm is heavily wounded.
You block the orc's attack. The orc hits you with a +0 flail.
* * * LOW HITPOINT WARNING * * *
The worm bites you!
* * * LOW HITPOINT WARNING * * *
You sock the worm!
You kill the worm!
You block the orc's attack.
You hit the orc.
The orc is heavily wounded.
You block the orc's attack. The orc hits you with a +0 war axe.
You die...

##########.
##.)<>.#S...
##......[....
#............
#............
#.....######.
#..$..##o.##
#....$.@o..#
##......#...#
##....## ...#
###.## ..#
#.# ## #.#
#.. ###


You could see 2 orcs.

Vanquished Creatures
  Robin (D:2)
  An adder (D:2)
  A worm (D:3)
  An orc (D:3)
  3 bats (D:1)
  An endoplasm (D:2)
  3 giant cockroaches
  13 goblins
  6 hobgoblins
  11 jackals
  2 kobolds (D:2)
  A quokka (D:2)
  A ball python (D:2)
  A frilled lizard (D:3)
  5 rats
51 creatures vanquished.

Notes
Turn   | Place    | Note
-------+----------+-------------------------------------------
     0 | D:1      | Harga the Palentonga Fighter began the quest for the Orb.
     0 | D:1      | Reached XP level 1. HP: 19/19 MP: 1/1
   314 | D:1      | Reached XP level 2. HP: 25/25 MP: 2/2
  1199 | D:2      | Reached XP level 3. HP: 31/31 MP: 3/3
  1724 | D:2      | Noticed Robin
  1745 | D:2      | Killed Robin
  1766 | D:2      | Reached XP level 4. HP: 13/38 MP: 4/4
  2040 | D:2      | Found a shimmering blue altar of Sif Muna.
  2355 | D:3      | HP: 1/38 [worm (7)]
  2357 | D:3      | Slain by an orc

Illustrated notes

Levels and vault maps discovered:
D:1:      dpeg_arrival_round_b, layout_basic
D:2:      layout_loops_corners, minmay_misc_feat_enclosed, minivault_23,
          led_sif_pool, uniq_robin
D:3:      layout_rooms, serial_bayou, serial_bayou_shore_b, serial_bayou_pond_e,
          serial_bayou_ford_a, serial_bayou_pond_e, minmay_cupped

Action                   |  1- 3 |  4- 6 || total
-------------------------+-------+-------++-------
Melee: Flail             |   128 |    35 ||   163
       Tailslap          |    10 |     4 ||    14
 Abil: Rolling Charge    |     2 |       ||     2
Armor: Scale mail        |    63 |    16 ||    79
Dodge: Dodged            |    31 |    10 ||    41
Block: Kite shield       |    61 |    17 ||    78

Table legend: (Time is in decaauts)
 A = Elapsed time spent in this place.
 B = Non-inter-level travel time spent in this place.
 C = Inter-level travel time spent in this place.
 D = Time resting spent in this place.
 E = Time spent auto-exploring this place.
 F = Levels seen in this place.
 G = Mean time per level.
                   A        B        C        D        E       F      G
               +--------+--------+--------+--------+--------+-----+--------+
         Total |   2436 |   2436 |      0 |    456 |   1364 |   3 |  812.0 |
       Dungeon |   2436 |   2436 |      0 |    456 |   1364 |   3 |  812.0 |
               +--------+--------+--------+--------+--------+-----+--------+

Top non-repeatable levels by time:
     D:2: 1379 daAuts
     D:1: 1022 daAuts
     D:3: 34 daAuts
